 Dungeon Crawl Stone Soup version 0.22-a0-433-gd2a9cce (webtiles) character file.

17200 galech the Fighter (level 12, -1/132 HPs)
             Began as an Ogre Berserker on May 28, 2018.
             Was a High Priest of Trog.
             Slain by an eight-headed hydra (13 damage)
             ... on level 2 of the Lair of Beasts.
             The game lasted 00:29:21 (11571 turns).

galech the Fighter (Ogre Berserker)                Turns: 11571, Time: 00:29:21

Health: -1/132     AC:  8    Str: 28    XL:     12   Next: 45%
Magic:  0/12       EV: 15    Int:  4    God:    Trog [*****.]
Gold:   119        SH:  0    Dex: 20    Spells: 11/11 levels left

rFire    . . .     SeeInvis +   U - +8 giant spiked club of Qibb {crush, MR+}
rCold    . . .     Gourm    .   (shield currently unavailable)
rNeg     + . .     Faith    .   L - +0 troll leather armour
rPois    .         Spirit   +   a - +0 hat {SInv}
rElec    .         Reflect  .   b - +0 cloak
rCorr    .         Harm     .   (gloves unavailable)
MR       ++...                  (boots unavailable)
Stlth    +++.......             Q - amulet of Moral Flaws {Spirit +Fly Int-4 Dex+7}
HPRegen  0.72/turn              s - ring of positive energy
MPRegen  0.13/turn              B - +5 ring of dexterity

@: lethally poisoned (-1 -> -1)
A: large, unfitting armour, thin metallic scales 1, mutation resistance 1, tough
skin 1
a: Berserk, Trog's Hand, Brothers in Arms, Renounce Religion, Evoke Flight


You were on level 2 of the Lair of Beasts.
You worshipped Trog.
Trog was extremely pleased with you.
You were not hungry.

You visited 2 branches of the dungeon, and saw 12 of its levels.

You collected 782 gold pieces.
You spent 663 gold pieces at shops.

Inventory:

Hand Weapons
 u - the +6 war axe of Zin {flame, Str+4}
   (You found it on level 6 of the Dungeon)

   It has been specially enchanted to burn those struck by it, causing extra
   injury to most foes and up to half again as much damage against particularly
   susceptible opponents.
   Big, fiery blades are also staple armaments of hydra-hunters.
   It affects your strength (+4).
 y - a +3 flail of draining
 U - the +8 giant spiked club of Qibb (weapon) {crush, MR+}
   (Trog gifted it to you on level 2 of the Lair of Beasts)

   It inflicts extra damage upon your enemies.
   It affects your resistance to hostile enchantments.
Armour
 a - a +0 hat of see invisible (worn)
 b - a +0 cloak (worn)
 d - a +1 robe of fire resistance
 L - a +0 troll leather armour (worn)
 P - a +2 robe of positive energy
Jewellery
 l - an uncursed amulet of the gourmand
 s - a ring of positive energy (left hand)
 v - an uncursed amulet of regeneration
 B - a +5 ring of dexterity (right hand)
 Q - the amulet of Moral Flaws (around neck) {Spirit +Fly Int-4 Dex+7}
   (You bought it in a shop on level 5 of the Dungeon)

   [amulet of guardian spirit]

   It causes incoming damage to be split between your health and magic.
   It affects your intelligence (-4).
   It affects your dexterity (+7).
   It lets you fly.
Wands
 k - a wand of iceblast (50)
 p - a wand of acid (22)
 A - a wand of flame (54)
 D - a wand of digging (15)
 H - a wand of random effects (34)
 O - a wand of disintegration (9)
Scrolls
 e - 2 scrolls of teleportation
 f - 6 scrolls of remove curse
 h - 2 scrolls of fear
 i - 6 scrolls of blinking
 j - a scroll of noise
 r - a scroll of enchant weapon
 w - a scroll of enchant armour
 z - 2 scrolls of fog
 F - 3 scrolls of amnesia
 G - a scroll of identify
 I - 2 scrolls of magic mapping
 J - a scroll of acquirement
 K - a scroll of immolation
 R - a scroll of random uselessness
 S - a scroll of silence {unknown}
Potions
 g - 4 potions of brilliance
 m - 4 potions of lignification {unknown}
 n - 2 potions of degeneration {unknown}
 o - a potion of might {unknown}
 q - a potion of agility
 t - a potion of berserk rage {unknown}
 x - a potion of cancellation {unknown}
 C - 3 potions of curing {unknown}
 E - a potion of invisibility {unknown}
 M - 3 potions of heal wounds
 N - a potion of haste
Comestibles
 c - 26 rations
 T - 7 chunks of flesh


   Skills:
 + Level 11.8 Fighting
 + Level 11.7(12.9) Axes
 + Level 8.5(10.9) Maces & Flails
 + Level 3.4 Armour
 + Level 7.7 Dodging
 + Level 4.6 Stealth


You had 11 spell levels left.
You didn't know any spells.
Your spell library was empty.

Dungeon Overview and Level Annotations

Branches:
Dungeon (10/15)            Temple (0/1) D:4            Lair (2/6) D:8
  Swamp: Lair:2-4    Shoals: Lair:2-4     Snake: Lair:2-4    Spider: Lair:2-4
    Orc: D:9-12

Altars:
Elyvilon
Gozag
Hepliaklqana
Makhleb
Sif Muna
Xom
The Shining One

Shops:
D:5 *


Innate Abilities, Weirdness & Mutations

You are too large for most types of armour.
You have tough skin. (AC +1)
You are partially covered in thin metallic scales. (AC +2)
You are somewhat resistant to further mutation.


Message History

You are too injured to fight recklessly!
Unknown command.
You hit the eight-headed hydra.
The eight-headed hydra is moderately wounded.
You feel sick. The eight-headed hydra misses you.
The eight-headed hydra bites you! The eight-headed hydra misses you.
The eight-headed hydra bites you!
* * * LOW HITPOINT WARNING * * *
The eight-headed hydra misses you. The eight-headed hydra bites you.
* * * LOW HITPOINT WARNING * * *
The eight-headed hydra closely misses you.
The eight-headed hydra bites you but does no damage.
The eight-headed hydra misses you. The eight-headed hydra bites you!
* * * LOW HITPOINT WARNING * * *
The eight-headed hydra bites you but does no damage.
The eight-headed hydra closely misses you.
The eight-headed hydra bites you!
* * * LOW HITPOINT WARNING * * *
The eight-headed hydra bites you!
You die...

##### ### ##
.#P.#.###.##P#.###.
..........@D......
..
###......##..####.#
... ##..P.....#####
... #..........#
...##.........##
...#...##.....####.
.......#............
....P÷........######
.............<.#


You could see an eight-headed hydra.

Vanquished Creatures
  Erolcha (D:10)
  A hydra (Lair:1)
  2 two-headed ogres
  The ghost of whitenoisemaker the Slicer, a novice DsAK of Lugonu (D:8)
  Pikel (D:4)
  6 elephants (Lair:1)
  2 centaur zombies
  Maurice (D:9)
  The ghost of Ratty the Transmogrifier, a novice VSTm of Makhleb (D:6)
  3 spiny frogs
  A rime drake (Lair:1)
  A troll (D:10)
  4 blink frogs (Lair:1)
  A hippogriff (D:10)
  13 yaks
  Grum (Lair:1)
  A hungry ghost (D:10)
  A steam dragon (D:9)
  Duvessa (D:4)
  2 porcupines (Lair:1)
  5 water moccasins
  2 ice beasts
  5 orc warriors
  2 black bears
  A hornet zombie (D:10)
  2 phantoms
  3 sky beasts
  5 ogres
  6 wolves
  A centaur (D:5)
  3 crocodiles
  6 bullfrogs
  2 big kobolds
  Dowan (D:4)
  A wyvern skeleton (D:7)
  3 scorpions
  3 killer bees (D:10)
  4 howler monkeys
  4 crimson imps
  2 jellies (D:6)
  3 bullfrog skeletons
  Crazy Yiuf (D:7)
  2 hounds (D:4)
  2 orc priests
  3 centaur skeletons
  2 iguanas
  Ijyb (D:4)
  Natasha (thrice) (D:3)
  13 orc wizards
  4 worker ants
  2 killer bee zombies (D:8)
  19 adders
  3 shadow imps
  3 oozes
  An adder skeleton (D:5)
  4 worms
  A dart slug (D:3)
  7 leopard geckos
  35 orcs
  4 bats
  7 giant cockroaches
  7 goblins
  5 hobgoblins
  13 jackals
  16 kobolds
  5 quokkas
  2 ball pythons
  8 frilled lizards
  A giant cockroach zombie (D:5)
  A jackal skeleton (D:4)
  10 rats
294 creatures vanquished.

Vanquished Creatures (others)
  3 fungi (Lair:1)
3 creatures vanquished.

Grand Total: 297 creatures vanquished

Notes
Turn   | Place    | Note
-------+----------+-------------------------------------------
     0 | D:1      | galech the Ogre Berserker began the quest for the Orb.
     0 | D:1      | Reached XP level 1. HP: 24/24 MP: 1/1
   329 | D:1      | Reached XP level 2. HP: 32/32 MP: 2/2
   794 | D:2      | Reached XP level 3. HP: 12/40 MP: 3/3
   797 | D:2      | Gained mutation: You are resistant to electric shocks. (rElec) [potion of mutation]
   797 | D:2      | Gained mutation: Your muscles are strong. (Str +2) [potion of mutation]
   868 | D:2      | Reached ** piety under Trog
   925 | D:2      | HP: 2/40 [poisoned by an adder]
   945 | D:2      | Reached XP level 4. HP: 18/49 MP: 4/4
  1798 | D:2      | Found a faded altar of an unknown god.
  1999 | D:3      | Reached XP level 5. HP: 35/55 MP: 5/5
  2319 | D:3      | Reached skill level 5 in Fighting
  2816 | D:3      | Noticed Natasha
  2838 | D:3      | Killed Natasha
  2838 | D:3      | Reached *** piety under Trog
  3238 | D:3      | Noticed Natasha
  3247 | D:3      | Killed Natasha
  3247 | D:3      | Reached XP level 6. HP: 66/66 MP: 6/6
  3313 | D:3      | Noticed Natasha
  3322 | D:3      | Killed Natasha
  3584 | D:4      | Noticed Duvessa
  3599 | D:4      | Killed Duvessa
  3599 | D:4      | Reached skill level 5 in Maces & Flails
  3602 | D:4      | Noticed Dowan
  3790 | D:4      | Killed Dowan
  3790 | D:4      | Reached skill level 1 in Stealth
  3806 | D:4      | Reached XP level 7. HP: 74/74 MP: 7/7
  3818 | D:4      | Found a staircase to the Ecumenical Temple.
  4324 | D:4      | Lost mutation: Your muscles are strong. (Str +2) [potion of mutation]
  4324 | D:4      | Lost mutation: You are resistant to electric shocks. (rElec) [potion of mutation]
  4324 | D:4      | Gained mutation: You are partially covered in thin metallic scales. (AC +2) [potion of mutation]
  4324 | D:4      | Gained mutation: You are somewhat resistant to further mutation. [potion of mutation]
  4582 | D:4      | Noticed Ijyb
  4588 | D:4      | Killed Ijyb
  4680 | D:4      | Found a hazy altar of Hepliaklqana.
  4680 | D:4      | Noticed Pikel
  4709 | D:4      | Killed Pikel
  4709 | D:4      | Reached XP level 8. HP: 22/87 MP: 8/8
  4911 | D:4      | Found a shimmering altar of Xom.
  4912 | D:4      | Noticed a spectral ugly thing
  5013 | D:5      | Entered Level 5 of the Dungeon
  5052 | D:5      | Found a glowing golden altar of the Shining One.
  5179 | D:5      | Received a gift from Trog
  5350 | D:5      | Found Zykol's General Store.
  5515 | D:5      | Found a deep blue altar of Sif Muna.
  5781 | D:6      | Got a scorched war axe
  5782 | D:6      | Identified the +6 war axe of Zin {flame, Str+4} (You found it on level 6 of the Dungeon)
  5785 | D:6      | Noticed Ratty's ghost (novice VSTm)
  5791 | D:6      | Killed Ratty's ghost
  5791 | D:6      | Reached skill level 5 in Dodging
  5791 | D:6      | Reached XP level 9. HP: 96/96 MP: 9/9
  5892 | D:6      | Found a burning altar of Makhleb.
  5907 | D:6      | Found an opulent altar of Gozag.
  5922 | D:6      | Reached skill level 1 in Axes
  6665 | D:7      | Reached **** piety under Trog
  6930 | D:7      | Found a runed door.
  6934 | D:7      | Noticed Crazy Yiuf
  6937 | D:7      | Killed Crazy Yiuf
  7255 | D:7      | Reached skill level 5 in Axes
  7310 | D:7      | Reached XP level 10. HP: 89/107 MP: 10/10
  7640 | D:8      | Noticed a two-headed ogre
  7648 | D:8      | Killed a two-headed ogre
  7664 | D:8      | Noticed whitenoisemaker's ghost (novice DsAK)
  7680 | D:8      | Killed whitenoisemaker's ghost
  7956 | D:8      | Found a white marble altar of Elyvilon.
  8074 | D:8      | Found a staircase to the Lair.
  8917 | D:9      | Noticed Maurice
  8956 | D:9      | Killed Maurice
  9013 | D:9      | Reached ***** piety under Trog
  9211 | D:10     | Entered Level 10 of the Dungeon
  9216 | D:10     | Reached skill level 10 in Fighting
  9237 | D:10     | Reached XP level 11. HP: 81/117 MP: 11/11
  9274 | D:10     | Identified a scroll of acquirement
  9431 | D:10     | Noticed Erolcha
  9439 | D:10     | Killed Erolcha
  9502 | D:10     | Noticed a two-headed ogre
  9507 | D:10     | Killed a two-headed ogre
 10165 | D:5      | Bought a scroll of identify for 28 gold pieces
 10165 | D:5      | Bought the amulet of Moral Flaws {Spirit +Fly Int-4 Dex+7} for 635 gold pieces
 10275 | Lair:1   | Entered Level 1 of the Lair of Beasts
 10286 | Lair:1   | Noticed a seven-headed hydra
 10293 | Lair:1   | Killed a five-headed hydra
 10293 | Lair:1   | Reached skill level 10 in Axes
 10346 | Lair:1   | Reached skill level 1 in Armour
 10585 | Lair:1   | Noticed Grum
 10591 | Lair:1   | Killed Grum
 10661 | Lair:1   | Reached XP level 12. HP: 22/130 MP: 1/12
 11341 | Lair:2   | Received a gift from Trog
 11360 | Lair:2   | Got an ichor-stained giant spiked club {god gift}
 11361 | Lair:2   | Identified the +8 giant spiked club of Qibb {crush, MR+} (Trog gifted it to you on level 2 of the Lair of Beasts)
 11561 | Lair:2   | Noticed an eight-headed hydra
 11571 | Lair:2   | Slain by an eight-headed hydra

Vault maps used:
D:1:      minmay_arrival_up_and_down
D:2:      chequers_ecumenical_altar_grove
D:3:      first_ration, uniq_natasha
D:4:      regret_index_temple_of_mockery, temple_doors_e, uniq_ijyb, uniq_pikel,
          uniq_duvessa
D:5:      nicolae_overflow_hidden_temple, nicolae_tso_swordbearing_angel,
          serial_shops, kennysheep_mini, hangedman_decor_growths
D:6:      grunt_temple_overflow_open, minmay_fountain_box
D:7:      uniq_crazy_yiuf_cottage
D:8:      marbit_many_paths, lair_entry_dummy, serial_glass, glass_columns_a,
          glass_columns_b, grunt_ogre_cave
D:9:      uniq_maurice
D:10:     uniq_erolcha
Lair:1:   lemuel_fruit_tree, uniq_grum

Skill      XL: |  1  2  3  4  5  6  7  8  9 10 11 12 |
---------------+-------------------------------------+-----
Maces & Flails | 3 4 5 7 8 |  8.5
Dodging        | 3 4 5 6 7 |  7.7
Fighting       | 5 7 8 9 10 11 | 11.8
Stealth        | 1 2 3 4 |  4.6
Axes           | 5 8 10 11 | 11.7
Armour         | 2 3 |  3.4

Action                   |  1- 3 |  4- 6 |  7- 9 | 10-12 || total
-------------------------+-------+-------+-------+-------++-------
Melee: Mace              |   106 |   226 |     4 |       ||   336
       Flail             |       |       |   128 |     1 ||   129
       War axe           |       |       |   129 |   328 ||   457
       Giant spiked club |       |       |       |    22 ||    22
Invok: Berserk           |     1 |     2 |     2 |     4 ||     9
       Trog's Hand       |     1 |     1 |     2 |     1 ||     5
  Use: Potion            |     5 |       |     1 |       ||     6
       Scroll            |       |       |     8 |     8 ||    16
 Stab: Sleeping          |       |       |     5 |    12 ||    17
  Eat: Chunk             |     8 |    13 |     8 |    23 ||    52
       Ration            |       |       |       |     1 ||     1
Armor: Animal skin       |    36 |    54 |    13 |       ||   103
       Robe              |       |       |    50 |    46 ||    96
       Troll leather arm |       |       |       |    58 ||    58
Dodge: Dodged            |    68 |   130 |   108 |   247 ||   553

Table legend:
 A = Spawn XP
 B = Non-spawn XP
 C = Spawn XP percentage of total XP
 D = Spawn monster count
 E = Non-spawn monster count
 F = Spawn count percentage of total count
 G = Total turns spent on level
                    A         B        C        D         E        F      G
               +---------+---------+-------+---------+---------+-------+---------
         Total |       0 |   24572 |   0.0 |       0 |     294 |   0.0 | 11571
               +---------+---------+-------+---------+---------+-------+---------
           D:1 |       0 |      28 |   0.0 |       0 |      15 |   0.0 |   770
           D:2 |       0 |     116 |   0.0 |       0 |      35 |   0.0 |  1333
           D:3 |       0 |     234 |   0.0 |       0 |      30 |   0.0 |  1539
           D:4 |       0 |    1333 |   0.0 |       0 |      19 |   0.0 |  1371
           D:5 |       0 |     587 |   0.0 |       0 |      15 |   0.0 |   731
           D:6 |       0 |    1361 |   0.0 |       0 |      26 |   0.0 |   831
           D:7 |       0 |    1131 |   0.0 |       0 |      34 |   0.0 |  1132
           D:8 |       0 |    2527 |   0.0 |       0 |      18 |   0.0 |   903
           D:9 |       0 |    1521 |   0.0 |       0 |      20 |   0.0 |   770
          D:10 |       0 |    4371 |   0.0 |       0 |      37 |   0.0 |   895
        Lair:1 |       0 |    8331 |   0.0 |       0 |      29 |   0.0 |  1024
        Lair:2 |       0 |    3032 |   0.0 |       0 |      16 |   0.0 |   272
               +---------+---------+-------+---------+---------+-------+---------
